 Dungeon Crawl Stone Soup version 0.24-a0-284-g9fb9971 (webtiles) character file.

Game seed: 9049202740229932934

25 mhoghedin the Insei (level 2, 0/22 HPs)
             Began as a Demigod Transmuter on May 4, 2019.
             Slain by a jackal (3 damage)
             ... on level 1 of the Dungeon.
             The game lasted 00:02:31 (802 turns).

mhoghedin the Insei (Demigod Transmuter)             Turns: 802, Time: 00:02:32

Health: 0/22       AC:  2    Str: 13    XL:     2   Next: 66%
Magic:  6/7        EV:  9    Int: 17    God:
Gold:   25         SH:  0    Dex: 16    Spells: 3/4 levels left

rFire    . . .     SeeInvis .   c - +0 dagger
rCold    . . .     Gourm    .   (no shield)
rNeg     . . .     Faith    .   b - +0 robe
rPois    .         Spirit   .   (no helmet)
rElec    .         Reflect  .   (no cloak)
rCorr    .         Harm     .   (no gloves)
MR       .....                  (no boots)
Stlth    +.........             (no amulet)
HPRegen  0.07/turn              (no ring)
MPRegen  0.10/turn              (no ring)

@: appendage (expiring), constricted
A: horns 2, high mp 1
a: End Transformation


You were on level 1 of the Dungeon.
You were not hungry.
You had grown temporary horns.
You visited 1 branch of the dungeon, and saw 1 of its levels.

You collected 25 gold pieces.

Inventory:

Hand Weapons
 c - a +0 dagger (weapon)
   (You found it on level 1 of the Dungeon)
Missiles
 a - 48 arrows
Armour
 b - a +0 robe (worn)
Scrolls
 e - a scroll of teleportation {unknown}
Potions
 g - a potion of ambrosia {unknown}
 i - 2 potions of flight {unknown}
Comestibles
 d - 3 rations


   Skills:
 - Level 0.8 Fighting
 - Level 1.7 Dodging
 + Level 3.7 Unarmed Combat
 - Level 1.7 Spellcasting
 - Level 1.7 Transmutations


You had 3 spell levels left.
You knew the following spells:

 Your Spells              Type           Power        Failure   Level  Hunger
a - Beastly Appendage     Tmut           #.....       10%         1    #......

Your spell library contained the following spells:

 Spells                   Type           Power        Failure   Level  Hunger
 Sticks to Snakes         Tmut           #.......     14%         2    ###....
 Spider Form              Tmut/Pois      #.........   38%         3    ###....
 Ice Form                 Ice/Tmut       #.......     80%         4    #####..
 Blade Hands              Tmut           #.........   95%         5    ######.


Dungeon Overview and Level Annotations

Branches:
Dungeon (1/15)


Innate Abilities, Weirdness & Mutations

You have an increased reservoir of magic. (+10% MP)
You have a pair of horns on your head.


Message History

The bat completely misses you. The bat hits you but does no damage.
The bat completely misses you.
You hit the bat but do no damage. You headbutt the bat.
You kill the bat!
MP restored: 7 Your transformation is almost over.
As you read the scroll labeled ONOSAF ODEB, it crumbles to dust.
You feel aware of your surroundings.
It was a scroll of magic mapping.
You start resting.
Your horns disappear.
Unknown command.
You start resting.
Health restored: 22 Unknown command.
You see here a +0 club.
d - 3 rations (gained 1) 4 jackals come into view.
The jackal barks!
Your feet morph into talons.
The jackal barks!
A jackal comes into view. x2
The jackal moves out of view.
You now have 6/7 mp.
You hit the jackal. You claw the jackal, but do no damage.
The jackal closely misses you. x2
You hit the jackal. Your kick misses the jackal. The jackal misses you.
You hit the jackal.
The jackal bites you but does no damage.
You hit the jackal.
You kill the jackal!
Your transformation is almost over.
The jackal bites you.
You take 2 damage, and have 20/22 hp.
You closely miss the jackal. You claw the jackal.
You kill the jackal!
You barely miss the jackal. You claw the jackal.
The jackal bites you but does no damage.
The jackal closely misses you.
A ball python comes into view.
MP restored: 7 The ball python hisses angrily.
You hit the jackal. The jackal misses you.
You closely miss the jackal. The jackal completely misses you.
The jackal bites you.
You take 3 damage, and have 17/22 hp.
You hit the jackal but do no damage. The jackal bites you.
You take 1 damage, and have 16/22 hp.
You hit the jackal.
You kill the jackal!
The jackal closely misses you.
You hit the jackal. You claw the jackal.
You kill the jackal!
The jackal bites you.
You take 2 damage, and have 14/22 hp.
You miss the jackal. Your kick misses the jackal.
Your talons disappear.
The ball python closely misses you. The ball python grabs you.
The ball python constricts you.
The jackal bites you but does no damage.
You don't know that spell.
Unknown command.
You grow a pair of large bovine horns.
Your transformation is almost over.
The jackal bites you.
The ball python bites you but does no damage.
The ball python constricts you.
You take 2 damage, and have 12/22 hp.
You now have 6/7 mp.
You hit the jackal. The jackal bites you.
The ball python bites you but does no damage.
The ball python constricts you. The jackal misses you.
You take 1 damage, and have 11/22 hp.
You closely miss the jackal. Your headbutt misses the jackal.
The ball python barely misses you. The ball python constricts you.
The jackal bites you. The ball python misses you.
The ball python constricts you.
You take 2 damage, and have 9/22 hp.
You hit the jackal. Your headbutt misses the jackal.
The jackal barely misses you. The ball python closely misses you.
The ball python constricts you. The jackal bites you.
You take 1 damage, and have 8/22 hp.
You hit the jackal but do no damage.
The ball python bites you but does no damage.
The ball python constricts you.
The jackal bites you but does no damage.
You take 1 damage, and have 7/22 hp.
You hit the jackal but do no damage.
The jackal bites you but does no damage.
The ball python bites you.
* * * LOW HITPOINT WARNING * * *
The ball python constricts you.
You take 1 damage, and have 6/22 hp.
Unknown command.
You closely miss the jackal. Your headbutt misses the jackal.
The jackal bites you.
* * * LOW HITPOINT WARNING * * *
The ball python barely misses you.
* * * LOW HITPOINT WARNING * * *
The ball python constricts you. The jackal bites you.
You die...

#.##.# #.##.###...... #.##.#
#.##...#.##.#. ######.##.##
#.####.#.##.#.
###..........#######.####.#.##.#.
...........#................##.#.
###.####.#...#######.###..####.#,
..#)####.#..## #.###.#####.#,
.........#..########...........#,
..#.######..#..h@S.......#######,
###.# #..#.##########.# *, # #.#
#..#.* #.# *, # #.#****#..#h* #.#
*, #..,,,,,,,#.* #.# *,
###******,#h*********#.# *,
*,,,h.,,,,,,,,,..*******,
*********,*,.h**********,,,,,,,,,
,,,,,,,,,,***** **********


You could see a jackal and a ball python.

Vanquished Creatures
  A ball python (D:1)
  3 bats (D:1)
  A giant cockroach (D:1)
  2 goblins (D:1)
  3 hobgoblins (D:1)
  4 jackals (D:1)
  2 kobolds (D:1)
  2 frilled lizards (D:1)
  5 rats (D:1)
23 creatures vanquished.

Notes
Turn   | Place    | Note
-------+----------+-------------------------------------------
     0 | D:1      | mhoghedin the Demigod Transmuter began the quest for the
                  | Orb.
     0 | D:1      | Reached XP level 1. HP: 15/15 MP: 5/5
    54 | D:1      | Reached skill level 3 in Unarmed Combat
   312 | D:1      | Reached XP level 2. HP: 21/22 MP: 5/7
   802 | D:1      | HP: 4/22 [jackal (2)]
   802 | D:1      | Slain by a jackal

Levels and vault maps discovered:
D:1:      grunt_arrival_crossed_arrows, layout_loops_ring

Skill      XL: |  1 |
---------------+----+-----
Unarmed Combat | 3 |  3.7
Fighting       | |  0.8
Dodging        | |  1.7
Spellcasting   | |  1.7
Transmutations | |  1.7

Action                   || total
-------------------------++-------
Melee: Dagger            ||    82
       Kick              ||    14
       Headbutt          ||     1
 Cast: Beastly Appendage ||    16
  Use: Scroll            ||     1
 Stab: Sleeping          ||     1
Armor: Robe              ||    26
Dodge: Dodged            ||    62

Table legend:
 A = Non-vault XP
 B = Vault XP
 C = Vault XP percentage of total XP
 D = Non-vault monster count
 E = Vault monster count
 F = Vault count percentage of total count
                 A         B        C        D         E       F
            +---------+---------+-------+---------+---------+-------
      Total |      37 |       0 |   0.0 |      23 |       0 |   0.0
            +---------+---------+-------+---------+---------+-------
        D:1 |      37 |       0 |   0.0 |      23 |       0 |   0.0
            +---------+---------+-------+---------+---------+-------

Levels and vault maps discovered:
D:1:      grunt_arrival_crossed_arrows, layout_loops_ring

Table legend:
 A = Turns spent in this place as a percentage of turns spent in the entire game.
 B = Non-inter-level travel turns spent in this place as a percentage of non-inter-level travel turns spent in the entire game.
 C = Inter-level travel turns spent in this place as a percentage of turns spent in this place.
 D = Turns resting spent in this place as a percentage of non-inter-level travel turns spent in this place.
 E = Turns spent auto-exploring this place as a percentage of non-inter-level travel turns spent in this place.
 F = Non-inter-level travel turns spent in this place divided by the number of levels of this place that you've seen.
                   A       B       C       D       E      F
               +-------+-------+-------+-------+-------+----------------------
         Total | 100.0 | 100.0 |   0.9 |  44.9 |  31.1 | 795.0
       Dungeon | 100.0 | 100.0 |   0.9 |  44.9 |  31.1 | 795.0
               +-------+-------+-------+-------+-------+----------------------

Table legend:
 A = Kills in this place as a percentage of kills in entire the game.
 B = Kills by you in this place as a percentage of kills by you in the entire game.
 C = Kills by friends in this place as a percentage of kills by friends in the entire game.
 D = Other kills in this place as a percentage of other kills in the entire game.
 E = Experience gained in this place as a percentage of experience gained in the entire game.
 F = Experience gained in this place divided by the number of levels of this place that you have seen.
                   A       B       C       D       E      F
               +-------+-------+-------+-------+-------+----------------------
         Total | 100.0 | 100.0 |   N/A |   N/A | 100.0 |  37.0
       Dungeon | 100.0 | 100.0 |   N/A |   N/A | 100.0 |  37.0
               +-------+-------+-------+-------+-------+----------------------
